 Dungeon Crawl Stone Soup version 0.26-a0-682-g294304f6e8 (webtiles) character file.

Game seed: 9363177782249354237

(classic levelgen) 107 EnegeticOcto the Digger (level 5, 0/31 HPs)
             Began as a Halfling Earth Elementalist on Oct 21, 2020.
             Slain by an ice beast (11 damage)
             ... on level 5 of the Dungeon.
             The game lasted 00:05:15 (820 turns).

EnegeticOcto the Digger (HaEE)                       Turns: 820, Time: 00:05:15

Health: 0/31       AC:  2    Str:  9    XL:     5   Next: 11%
Magic:  0/7        EV: 15    Int: 14    God:
Gold:   99         SH:  0    Dex: 15    Spells: 4/7 levels left

rFire    + . .     SeeInvis .   f - +0 long sword (holy)
rCold    . . .     Faith    .   (shield restricted)
rNeg     . . .     Spirit   .   c - +0 robe
rPois    .         Reflect  .   (no helmet)
rElec    .         Harm     .   (no cloak)
rCorr    .         Rampage  .   (no gloves)
MR       .....                  (no boots)
Stlth    ++........             (no amulet)
HPRegen  0.10/turn              j - ring of protection from fire
MPRegen  0.10/turn              (no ring)

@: no status effects
A: small, mutation resistance 1
a: no special abilities


You were on level 5 of the Dungeon.
You visited 1 branch of the dungeon, and saw 5 of its levels.

You collected 99 gold pieces.

Inventory:

Hand Weapons
 f - a +0 long sword of holy wrath (weapon)
 h - a +0 spear
Missiles
 b - 32 stones
 i - 24 poisoned darts (quivered)
Armour
 c - a +0 robe (worn)
Jewellery
 j - a ring of protection from fire (left hand)
Scrolls
 a - a scroll of fear {!r}
 e - 2 scrolls of fog {!r}
 l - a scroll of remove curse {@r2}
 m - a scroll of identify {@r1}
Potions
 d - a potion of curing {@q1 !q}
 g - a potion of brilliance
 k - a potion of degeneration
 n - a potion of magic {unknown}
 o - a potion of ambrosia {unknown}
 p - a potion of stabbing {unknown}
 q - a potion of haste {unknown}


   Skills:
 - Level 2.1 Dodging
 - Level 2.1 Stealth
 - Level 1.5 Spellcasting
 - Level 0.5 Transmutations
 + Level 5.4 Earth Magic


You had 4 spell levels left.
You knew the following spells:

 Your Spells              Type           Power        Failure   Level
a - Sandblast             Erth           ###...       2%          1
p - Passwall              Tmut/Erth      #.......     11%         2

Your spell library contained the following spells:

 Spells                   Type           Power        Failure   Level
 Stone Arrow              Conj/Erth      #.....       24%         3
 Petrify                  Tmut/Erth      #.......     58%         4
 Lee's Rapid Deconstruct  Erth           ###.......   58%         5


Dungeon Overview and Level Annotations

Branches:
Dungeon (5/15)
 Temple: D:4-7

Altars:
Dithmenos

Annotations:
D:2 Sigmund


Innate Abilities, Weirdness & Mutations

You are small and have problems with some larger weapons.
You are somewhat resistant to further mutation.


Message History

Aim: an ice beast You throw a poisoned dart.
The poisoned dart hits the ice beast.
Casting: Sandblast (safe; 2% risk of failure)
Confirm with . or Enter, or press ? or * to list all spells.
Aiming: Sandblast (safe; 2% risk of failure)
Press: ? - help, Shift-Dir - straight line, f - you, p - ice beast That would be overly suicidal.
Okay, then.
Throwing (i - inventory. (/) - cycle)
i - 25 poisoned darts (quivered)
Press: ? - help, Shift-Dir - straight line, f - ice beast
Aim: an ice beast You throw a poisoned dart.
The poisoned dart barely misses the ice beast.
Casting: Sandblast (safe; 2% risk of failure)
Confirm with . or Enter, or press ? or * to list all spells.
Aiming: Sandblast (safe; 2% risk of failure)
Press: ? - help, Shift-Dir - straight line, f/p - ice beast
Aim: an ice beast The blast of sand hits the ice beast but does no damage.
b - 40 stones
Casting: Sandblast (safe; 2% risk of failure)
Confirm with . or Enter, or press ? or * to list all spells.
Aiming: Sandblast (safe; 2% risk of failure)
Press: ? - help, Shift-Dir - straight line, f/p - ice beast
Aim: an ice beast The blast of sand hits the ice beast.
The ice beast is lightly wounded.
b - 39 stones
Casting: Sandblast (safe; 2% risk of failure)
Confirm with . or Enter, or press ? or * to list all spells.
Aiming: Sandblast (safe; 2% risk of failure)
Press: ? - help, Shift-Dir - straight line, f/p - ice beast
Aim: an ice beast (lightly wounded)
The blast of sand hits the ice beast.
The ice beast is lightly wounded.
b - 38 stones The ice beast barely misses you.
Casting: Sandblast (safe; 2% risk of failure)
Confirm with . or Enter, or press ? or * to list all spells.
Aiming: Sandblast (safe; 2% risk of failure)
Press: ? - help, Shift-Dir - straight line, f/p - ice beast
Aim: an ice beast (lightly wounded)
The blast of sand hits the ice beast but does no damage.
The ice beast is lightly wounded.
b - 37 stones The ice beast hits you but does no damage.
Casting: Sandblast (safe; 2% risk of failure)
Confirm with . or Enter, or press ? or * to list all spells.
Aiming: Sandblast (safe; 2% risk of failure)
Press: ? - help, Shift-Dir - straight line, f/p - ice beast
Aim: an ice beast (lightly wounded)
The blast of sand hits the ice beast!
The ice beast is heavily wounded.
b - 36 stones The ice beast hits you.
The ice beast freezes you!
Casting: Sandblast (safe; 2% risk of failure)
Confirm with . or Enter, or press ? or * to list all spells.
Aiming: Sandblast (safe; 2% risk of failure)
Press: ? - help, Shift-Dir - straight line, f/p - ice beast
Aim: an ice beast (heavily wounded)
The blast of sand hits the ice beast.
The ice beast is heavily wounded.
b - 35 stones The ice beast closely misses you.
Casting: Sandblast (safe; 2% risk of failure)
Confirm with . or Enter, or press ? or * to list all spells.
Aiming: Sandblast (safe; 2% risk of failure)
Press: ? - help, Shift-Dir - straight line, f/p - ice beast
Aim: an ice beast (heavily wounded)
The blast of sand misses the ice beast.
b - 34 stones The ice beast barely misses you.
The ice beast barely misses you.
Casting: Sandblast (safe; 2% risk of failure)
Confirm with . or Enter, or press ? or * to list all spells.
Aiming: Sandblast (safe; 2% risk of failure)
Press: ? - help, Shift-Dir - straight line, f/p - ice beast
Aim: an ice beast (heavily wounded)
The blast of sand hits the ice beast.
The ice beast is heavily wounded.
b - 33 stones The ice beast misses you.
You see here a glowing long sword.
Your +0 long sword of holy wrath softly glows with a divine radiance!
f - a +0 long sword of holy wrath (weapon)
The ice beast closely misses you.
Casting: Sandblast (safe; 2% risk of failure)
Confirm with . or Enter, or press ? or * to list all spells.
Aiming: Sandblast (safe; 2% risk of failure)
Press: ? - help, Shift-Dir - straight line, f/p - ice beast
Aim: an ice beast (heavily wounded)
The blast of sand hits the ice beast.
The ice beast is severely wounded.
b - 32 stones The ice beast misses you.
You riposte.
You hit the ice beast.
The ice beast is almost dead.
You hit the ice beast but do no damage.
The ice beast is almost dead.
The ice beast hits you. The ice beast freezes you!
You die...

#.(..(..#.##ยง... ##
#...(.....##....
#..#.###.......####..#.
#..............# #.###
#...###.......# #. #.##
#.####### #. #.. #.#
##.#.##.# #....@Y.#
#.###.#### #. #. #. ##


You could see an ice beast.

Vanquished Creatures
  2 iguanas
  3 adders
  A worm (D:2)
  A leopard gecko (D:1)
  2 orcs
  A ball python (D:1)
  6 bats
  2 giant cockroaches
  3 goblins (D:1)
  A hobgoblin (D:2)
  A kobold (D:2)
  4 rats (D:1)
27 creatures vanquished.

Notes
Turn   | Place    | Note
-------+----------+-------------------------------------------
     0 | D:1      | EnegeticOcto the Halfling Earth Elementalist began the
                  | quest for the Orb.
     0 | D:1      | Reached XP level 1. HP: 11/11 MP: 3/3
   108 | D:1      | Reached XP level 2. HP: 17/17 MP: 0/4
   233 | D:2      | Noticed Sigmund
   269 | D:2      | Reached skill level 4 in Earth Magic
   269 | D:2      | Reached XP level 3. HP: 16/21 MP: 0/5
   422 | D:2      | Learned a level 2 spell: Passwall
   542 | D:4      | Reached XP level 4. HP: 20/27 MP: 3/6
   600 | D:4      | Found a shadowy altar of Dithmenos.
   632 | D:4      | Reached skill level 5 in Earth Magic
   724 | D:5      | Entered Level 5 of the Dungeon
   738 | D:5      | Reached XP level 5. HP: 20/31 MP: 1/7
   754 | D:5      | Noticed an ice beast
   820 | D:5      | Slain by an ice beast

Illustrated notes

Levels and vault maps discovered:
D:1:      nicolae_arrival_somewhat_less_tricky_arrival, layout_basic,
          lemuel_another_geyser
D:2:      layout_loops_ring, chequers_temple_overflow_statue_of_worship,
          uniq_sigmund
D:3:      layout_basic
D:4:      layout_cave_pools, lemuel_doored_altar, enter_ossuary_2
D:5:      layout_loops_cross, minmay_temple_entry_nine_rooms

Skill      XL: |  1  2  3  4 |
---------------+-------------+-----
Earth Magic    | 4 5 |  5.4
Dodging        | |  2.1
Stealth        | |  2.1
Spellcasting   | |  1.5
Transmutations | |  0.5

Action                   |  1- 3 |  4- 6 || total
-------------------------+-------+-------++-------
Melee: Unarmed           |    10 |       ||    10
       Spear             |    14 |     4 ||    18
       Long sword        |       |     1 ||     1
Throw: Dart              |     5 |    11 ||    16
 Cast: Sandblast         |    28 |    17 ||    45
  Use: Scroll            |     4 |     5 ||     9
 Stab: Distracted        |     1 |       ||     1
Armor: Robe              |    13 |     1 ||    14
Dodge: Dodged            |    32 |    15 ||    47
       Rpst.: Long sword |       |     1 ||     1

Table legend: (Time is in decaauts)
 A = Elapsed time spent in this place.
 B = Non-inter-level travel time spent in this place.
 C = Inter-level travel time spent in this place.
 D = Time resting spent in this place.
 E = Time spent auto-exploring this place.
 F = Levels seen in this place.
 G = Mean time per level.
                   A        B        C        D        E       F      G
               +--------+--------+--------+--------+--------+-----+--------+
         Total |    821 |    803 |     18 |      0 |      0 |   5 |  164.2 |
       Dungeon |    821 |    803 |     18 |      0 |      0 |   5 |  164.2 |
               +--------+--------+--------+--------+--------+-----+--------+

Top non-repeatable levels by time:
     D:1: 254 daAuts
     D:4: 193 daAuts
     D:2: 185 daAuts
     D:5: 95 daAuts
     D:3: 92 daAuts
